 Dungeon Sprint DCSS version 0.20-a0-336-g7b05759 (webtiles) character file.

722 Deathtrap2010 the Blocker (level 7, -1/73 HPs)
             Began as a Minotaur Fighter on Dec 21, 2016.
             Was the Champion of Jiyva.
             Slain by a death cob (12 damage)
             ... in the Dungeon (Sprint V: "Ziggurat Sprint").
             The game lasted 00:11:34 (167 turns).

Deathtrap2010 the Blocker (Minotaur Fighter)         Turns: 167, Time: 00:11:34

Health: -1/73      AC: 31    Str: 26    XL:     7   Next: 43%
Magic:  6/6        EV:  2    Int:  7    God:    Jiyva [******]
Gold:   0          SH: 31    Dex: 14    Spells: 6/6 levels left

rFire  . . .     SeeInvis +     y - +14 obsidian axe {chop, +Fly SInv *Curse}
rCold  + . .     Gourm    .     A - +15 Maxwell's patent armour {-Cast -Tele rElec MR+ rCorr}
rNeg   + + .     Faith    .     B - +18 shield of the Gong {rElec rN+ MR+ EV-5}
rPois  +         Spirit   .     (helmet restricted)
rElec  +         Reflect  .     (no cloak)
rCorr  +         Harm     .     (no gloves)
MR     ++...     NoTele   +     (no boots)
Stlth  .......... NoCast   +    J - amulet "Duenomad" {+Rage rN+}
                                c - ring "Bivoeduc" {Str+3 Slay+2}
                                b - ring of Honesty {rPois rC+ AC+4 Dex+7 Stlth-}

@: mesmerised, slowed, very slow
A: retaliatory headbutt, horns 2, thin metallic scales 1, acidic bite, eyeballs
2, gelatinous body 1, pseudopods 2, translucent skin 1, jelly sensing items,
jelly absorbing missiles
a: Request Jelly, Slimify, Cure Bad Mutation, Renounce Religion, Evoke Berserk
Rage, Evoke Flight


You were in the Dungeon.
You worshipped Jiyva.
Jiyva was exalted by your worship.
You were completely stuffed.

You visited 1 branch

Inventory:

Hand Weapons
 y - the +14 obsidian axe (weapon) {chop, +Fly SInv *Curse}
   (You found it in the Dungeon)

   It inflicts extra damage upon your enemies.
   It lets you see invisible.
   It lets you fly.
   It may re-curse itself when equipped.
Armour
 A - the +15 Maxwell's patent armour (worn) {-Cast -Tele rElec MR+ rCorr}
   (You found it in the Dungeon)

   It insulates you from electricity.
   It affects your resistance to hostile enchantments.
   It prevents spellcasting.
   It prevents most forms of teleportation.
   It protects you from acid and corrosion.
 B - the +18 shield of the Gong (worn) {rElec rN+ MR+ EV-5}
   (You found it in the Dungeon)

   It affects your evasion (-5).
   It insulates you from electricity.
   It protects you from negative energy.
   It affects your resistance to hostile enchantments.
Jewellery
 b - the ring of Honesty (left hand) {rPois rC+ AC+4 Dex+7 Stlth-}
   (You found it in the Dungeon)

   [ring of protection]

   It affects your AC (+4).
   It affects your dexterity (+7).
   It protects you from cold.
   It protects you from poison.
   It makes you less stealthy.
 c - the ring "Bivoeduc" (right hand) {Str+3 Slay+2}
   (You found it in the Dungeon)

   [ring of strength]

   It affects your strength (+3).
   It affects your accuracy and damage with ranged weapons and melee attacks
   (+2).
 F - a +6 ring of strength
 G - a +6 ring of strength
 J - the amulet "Duenomad" (around neck) {+Rage rN+}
   (You found it in the Dungeon)

   [amulet of rage]

   It protects you from negative energy.
   It lets you go berserk.
Scrolls
 k - 4 scrolls of blinking
 q - 4 scrolls of amnesia
 r - 3 scrolls of recharging
 s - 7 scrolls of fog
 t - a scroll of holy word
 u - 5 scrolls of identify
 v - 4 scrolls of remove curse
 w - 2 scrolls of fear
Potions
 a - a potion of flight {unknown}
 d - 6 potions of might
 e - 10 potions of curing
 g - 10 potions of heal wounds
 h - 6 potions of haste
 i - 7 potions of magic
 j - 3 potions of berserk rage
 l - 2 potions of brilliance
 m - 2 potions of invisibility
 n - 4 potions of resistance
 o - a potion of experience
 p - 5 potions of agility
Miscellaneous
 I - a disc of storms
Comestibles
 f - 5 bread rations
 x - 42 fruits
 z - 4 meat rations


   Skills:
 + Level 10.5 Fighting
 + Level 9.1 Axes
 + Level 10.6 Armour
 + Level 0.3 Stealth
 + Level 10.8 Shields


You had 6 spell levels left.
You didn't know any spells.

Dungeon Overview and Level Annotations

Branches:
Dungeon (1/1)

Altars:
Ashenzari
Cheibriados
Dithmenos
Elyvilon
Fedhas
Gozag
Hepliaklqana
Kikubaaqudgha
Makhleb
Nemelex Xobeh
Okawaru
Qazlal
Ru
Sif Muna
Trog
Uskayaw
Vehumet
Xom
Yredelemnul
Zin
The Shining One
Beogh
Jiyva
Lugonu


Innate Abilities, Weirdness & Mutations

You reflexively headbutt those who attack you in melee.
You have a pair of horns on your head.
You are partially covered in thin metallic scales. (AC +2)
You have acidic saliva.
Your body has grown many golden eyes which may confuse attackers. (Acc +5)
Your rubbery body absorbs attacks. (AC +1, EV +1)
Armour fits poorly on your large pseudopods.
Your translucent skin slightly reduces your foes' accuracy. (Stealth)
You have a small jelly attached to you that senses nearby items.
You have a small jelly attached to you that may absorb incoming projectiles.


Message History

The death cob hits you.
* * * LOW HITPOINT WARNING * * *
The draconian hits your soul eater but does no damage.
The draconian hits your soul eater with a club.
You hear a distant slurping noise.
You feel a little less hungry.
You feel better.
The draconian hits your death ooze but does no damage.
Your soul eater misses the draconian.
Your death ooze hits the draconian!!
Your death ooze barely misses the draconian.
You slash the death cob!
The death cob is moderately damaged.
You block the death cob's attack.
SHROANNG!
You block the death cob's attack.
GONNNNG!
You block the death cob's attack.
BONNNG!
The draconian hits your death ooze but does no damage.
The death cob hits you!
You die...

▓.....▓.....▓▓▓▓▓▓▓
▓▓▓▓▓▓▓▓▓▓▓▓▓▓▓▓▓▓▓
▓..8©8...▓..8©8...▓
▓..=|=...▓..|}:...▓
▓...4....▓....)...▓
▓........▓........▓
▓........▓.zddd...▓
▓.▓....▓.▓.▓3zJ.▓.▓
▓........▓..J@....▓
▓▓▓▓▓▓▓▓▓▓▓▓▓▓▓▓▓▓▓
∆∆∆∆ ∆∆∆ ∆∆∆ ∆∆∆


You could see 2 death cobs, 3 draconians, a friendly azure jelly, a friendly
soul eater and a friendly death ooze.

Vanquished Creatures
  A jumping spider (D)
  A phantom (D)
  Blork the orc (D)
  2 scorpions (D)
  An orc priest (D)
  Crazy Yiuf (D)
  An adder zombie (D)
  An orc (D)
  A bat zombie (D)
10 creatures vanquished.

Vanquished Creatures (collateral kills)
  Sigmund (D)
  A phantom (D)
  Jessica (D)
3 creatures vanquished.

Vanquished Creatures (others)
  5 jellies (D)
5 creatures vanquished.

Grand Total: 18 creatures vanquished

Notes
Turn   | Place    | Note
-------+----------+-------------------------------------------
     0 | D        | Deathtrap2010 the Minotaur Fighter began the quest for the Orb.
     0 | D        | Reached XP level 1. HP: 19/19 MP: 0/0
     0 | D        | Found a deep blue altar of Sif Muna.
     0 | D        | Found a sacrificial altar of Ru.
     0 | D        | Found a bloodstained altar of Trog.
     0 | D        | Found a stormy altar of Qazlal.
     0 | D        | Found an iron altar of Okawaru.
     0 | D        | Found a sparkling altar of Nemelex Xobeh.
     0 | D        | Found a blossoming altar of Fedhas.
     2 | D        | Found an ancient bone altar of Kikubaaqudgha.
     2 | D        | Found a viscous altar of Jiyva.
     2 | D        | Found a corrupted altar of Lugonu.
     2 | D        | Found a hazy altar of Hepliaklqana.
     2 | D        | Found a burning altar of Makhleb.
     2 | D        | Found an opulent altar of Gozag.
    54 | D        | Became a worshipper of Jiyva Jeame the Shapeless
    58 | D        | Reached * piety under Jiyva
    58 | D        | Reached ** piety under Jiyva
    58 | D        | Reached *** piety under Jiyva
    58 | D        | Gained mutation: Your muscles are strong. (Str +2) [Jiyva's grace]
    60 | D        | Reached **** piety under Jiyva
    60 | D        | Gained mutation: You possess an exceptional clarity of mind. [Jiyva's grace]
    60 | D        | Gained mutation: You occasionally shout uncontrollably at your foes. [Jiyva's grace]
    60 | D        | Reached ***** piety under Jiyva
    60 | D        | Gained mutation: You have a somewhat thin skeletal structure. (Dex +2, Stealth) [Jiyva's grace]
    60 | D        | Lost mutation: You possess an exceptional clarity of mind. [Jiyva's grace]
    60 | D        | Reached ****** piety under Jiyva
    60 | D        | Gained mutation: You possess an exceptional clarity of mind. [Jiyva's grace]
    61 | D        | Lost mutation: You occasionally shout uncontrollably at your foes. [Jiyva's power]
    63 | D        | Lost mutation: You have a somewhat thin skeletal structure. (Dex +2, Stealth) [Jiyva's grace]
    67 | D        | Gained mutation: Your mind is acute. (Int +2) [Jiyva's grace]
    67 | D        | Gained mutation: You are partially covered in large bone plates. (SH +4) [Jiyva's grace]
    69 | D        | Gained mutation: You have a pair of large horns on your head. [Jiyva's grace]
    71 | D        | Lost mutation: You possess an exceptional clarity of mind. [Jiyva's grace]
    71 | D        | Gained mutation: Your flesh is cold resistant. (rC+) [Jiyva's grace]
    71 | D        | Gained mutation: Your rubbery body absorbs attacks. (AC +1, EV +1) [Jiyva's grace]
    71 | D        | Lost mutation: You have a pair of large horns on your head. [Jiyva's grace]
    73 | D        | Gained mutation: You have a pair of large horns on your head. [Jiyva's grace]
    73 | D        | Gained mutation: You are resistant to electric shocks. (rElec) [Jiyva's grace]
    73 | D        | Gained mutation: Your mind is very acute. (Int +4) [Jiyva's grace]
    75 | D        | Lost mutation: Your mind is very acute. (Int +4) [Jiyva's grace]
    77 | D        | Gained mutation: You have a small jelly attached to you that may absorb incoming projectiles. [Jiyva's grace]
    77 | D        | Gained mutation: Your spells are a little harder to cast, but a little more powerful. [Jiyva's grace]
    77 | D        | Lost mutation: You have a small jelly attached to you that may absorb incoming projectiles. [Jiyva's grace]
    78 | D        | Gained mutation: You are surrounded by a mild repulsion field. (EV +2) [Jiyva's grace]
    79 | D        | Gained mutation: You are robust. (+10% HP) [Jiyva's grace]
    79 | D        | Lost mutation: Your muscles are strong. (Str +2) [Jiyva's grace]
    79 | D        | Lost mutation: Your mind is acute. (Int +2) [Jiyva's grace]
    79 | D        | Lost mutation: You have a pair of large horns on your head. [Jiyva's grace]
    79 | D        | Lost mutation: You are robust. (+10% HP) [Jiyva's grace]
    79 | D        | Lost mutation: You are partially covered in large bone plates. (SH +4) [Jiyva's grace]
    79 | D        | Lost mutation: Your rubbery body absorbs attacks. (AC +1, EV +1) [Jiyva's grace]
    79 | D        | Gained mutation: You evolve. [Jiyva's grace]
    79 | D        | Lost mutation: You evolve. [Jiyva's grace]
    79 | D        | Gained mutation: You are somewhat resistant to further mutation. [Jiyva's grace]
    79 | D        | Lost mutation: You are somewhat resistant to further mutation. [Jiyva's grace]
    79 | D        | Gained mutation: You evolve. [Jiyva's grace]
    79 | D        | Lost mutation: You evolve. [Jiyva's grace]
    82 | D        | Entered arena 1.
    82 | D        | Noticed an orc priest
    83 | D        | Lost mutation: You are resistant to electric shocks. (rElec) [Jiyva's grace]
    85 | D        | Killed an orc priest
    85 | D        | Reached skill level 5 in Fighting
    85 | D        | Reached skill level 5 in Armour
    85 | D        | Reached skill level 5 in Shields
    85 | D        | Reached XP level 2. HP: 29/29 MP: 1/1
    85 | D        | Reached XP level 3. HP: 36/36 MP: 2/2
    88 | D        | Lost mutation: Your spells are a little harder to cast, but a little more powerful. [Jiyva's grace]
    89 | D        | Got the amulet "Duenomad" {+Rage rN+}
    93 | D        | Gained mutation: Your body has grown golden eyes which may confuse attackers. (Acc +3) [Jiyva's grace]
    93 | D        | Gained mutation: Your translucent skin slightly reduces your foes' accuracy. (Stealth) [Jiyva's grace]
    94 | D        | Entered arena 2.
    94 | D        | Noticed a scorpion
    94 | D        | Noticed a jumping spider
    94 | D        | Noticed a scorpion
    94 | D        | Lost mutation: Your flesh is cold resistant. (rC+) [Jiyva's grace]
    96 | D        | Gained mutation: You are covered in slimy tendrils that may disarm your opponents. [Jiyva's grace]
    97 | D        | Killed a scorpion
    97 | D        | Reached XP level 4. HP: 45/45 MP: 3/3
   101 | D        | Killed a jumping spider
   101 | D        | Reached XP level 5. HP: 56/56 MP: 4/4
   101 | D        | Reached XP level 6. HP: 62/62 MP: 5/5
   102 | D        | Lost mutation: You are covered in slimy tendrils that may disarm your opponents. [Jiyva's grace]
   107 | D        | Gained mutation: Your mind is acute. (Int +2) [Jiyva's grace]
   111 | D        | Gained mutation: Armour fits poorly on your pseudopods. [Jiyva's grace]
   116 | D        | Gained mutation: You are covered in slimy tendrils that may disarm your opponents. [Jiyva's grace]
   119 | D        | Gained mutation: Armour fits poorly on your strangely shaped body. [Jiyva's grace]
   120 | D        | Entered arena 3.
   120 | D        | Noticed Sigmund
   120 | D        | Noticed Jessica
   120 | D        | Noticed Blork the orc
   120 | D        | Noticed Crazy Yiuf
   121 | D        | Gained mutation: You are partially covered in thin metallic scales. (AC +2) [Jiyva's grace]
   121 | D        | Lost mutation: Armour fits poorly on your strangely shaped body. [Jiyva's grace]
   121 | D        | Lost mutation: Your mind is acute. (Int +2) [Jiyva's grace]
   122 | D        | Lost mutation: You are surrounded by a mild repulsion field. (EV +2) [Jiyva's grace]
   123 | D        | Killed Crazy Yiuf
   124 | D        | Gained mutation: Your body has grown many golden eyes which may confuse attackers. (Acc +5) [Jiyva's grace]
   125 | D        | Killed Jessica
   125 | D        | Gained mutation: Your flesh is cold resistant. (rC+) [Jiyva's grace]
   125 | D        | Gained mutation: Your movements are slightly less encumbered by armour. (ER -2) [Jiyva's grace]
   125 | D        | Lost mutation: You are partially covered in thin metallic scales. (AC +2) [Jiyva's grace]
   126 | D        | Killed Blork the orc
   126 | D        | Reached skill level 10 in Armour
   126 | D        | Reached skill level 10 in Shields
   127 | D        | Gained mutation: You have acidic saliva. [Jiyva's grace]
   128 | D        | Killed Sigmund
   128 | D        | Reached skill level 10 in Fighting
   128 | D        | Reached XP level 7. HP: 72/72 MP: 6/6
   134 | D        | Got the ring of Honesty {rPois rC+ AC+4 Dex+7 Stlth-}
   135 | D        | Gained mutation: Your translucent skin reduces your foes' accuracy. (Stealth) [Jiyva's grace]
   137 | D        | Got the ring "Bivoeduc" {Str+3 Slay+2}
   144 | D        | Entered arena 4.
   146 | D        | Lost mutation: You are covered in slimy tendrils that may disarm your opponents. [Jiyva's grace]
   146 | D        | Lost mutation: Your movements are slightly less encumbered by armour. (ER -2) [Jiyva's grace]
   146 | D        | Lost mutation: Your flesh is cold resistant. (rC+) [Jiyva's grace]
   148 | D        | Gained mutation: Armour fits poorly on your strangely shaped body. [Jiyva's grace]
   150 | D        | Gained mutation: You have a small jelly attached to you that senses nearby items. [Jiyva's grace]
   152 | D        | Gained mutation: You have a small jelly attached to you that may absorb incoming projectiles. [Jiyva's grace]
   152 | D        | Lost mutation: You have a small jelly attached to you that may absorb incoming projectiles. [Jiyva's grace]
   152 | D        | Gained mutation: You have a pair of large horns on your head. [Jiyva's grace]
   154 | D        | Gained mutation: You have a small jelly attached to you that may absorb incoming projectiles. [Jiyva's grace]
   155 | D        | Gained mutation: Your rubbery body absorbs attacks. (AC +1, EV +1) [Jiyva's grace]
   155 | D        | Lost mutation: Armour fits poorly on your strangely shaped body. [Jiyva's grace]
   156 | D        | Gained mutation: You are resistant to hostile enchantments. (MR+) [Jiyva's grace]
   156 | D        | Lost mutation: Your translucent skin reduces your foes' accuracy. (Stealth) [Jiyva's grace]
   156 | D        | Gained mutation: You are partially covered in thin metallic scales. (AC +2) [Jiyva's grace]
   156 | D        | Gained mutation: Armour fits poorly on your large pseudopods. [Jiyva's grace]
   157 | D        | Lost mutation: You have a small jelly attached to you that senses nearby items. [Jiyva's grace]
   157 | D        | Gained mutation: You have a small jelly attached to you that senses nearby items. [Jiyva's grace]
   160 | D        | Lost mutation: You have a pair of large horns on your head. [Jiyva's grace]
   162 | D        | Entered arena 5.
   162 | D        | Noticed a draconian
   162 | D        | Noticed a draconian
   162 | D        | Noticed a death cob
   162 | D        | Noticed a draconian
   162 | D        | Noticed a death cob
   165 | D        | Lost mutation: You are resistant to hostile enchantments. (MR+) [Jiyva's grace]
   167 | D        | Slain by a death cob

Vault maps used:
D:        sprint_v

Skill      XL: |  1  2  3  4  5  6  7 |
---------------+----------------------+-----
Fighting       | 5 6 8 10 | 10.5
Axes           | 3 4 6 7 9 |  9.1
Armour         | 5 6 9 10 | 10.6
Shields        | 5 6 9 10 | 10.8
Stealth        | |  0.3

Action                   |  1- 3 |  4- 6 |  7- 9 || total
-------------------------+-------+-------+-------++-------
Melee: Broad axe         |     4 |     8 |    12 ||    24
       Pseudopods        |       |     1 |     1 ||     2
       Headbutt          |       |       |     1 ||     1
Invok: Cure Bad Mutation |     1 |       |       ||     1
       Request Jelly     |     1 |     1 |     1 ||     3
  Use: Scroll            |     1 |       |       ||     1
 Stab: Confused          |       |       |     1 ||     1
Armor: Plate armour      |       |     5 |     5 ||    10
Block: Shield            |     5 |    15 |    25 ||    45
